[Event "Titled Tuesday Blitz November 9 2021"]
[White "Maghsoodloo, Parham"]
[Black "Ten Hertog, Hugo"]
[WhiteFideId "12539929"]
[BlackFideId "1026356"]
[WhiteElo "2601"]
[BlackElo "2493"]
[Result "1-0"]
[Round "06"]
[TimeControl "180+1"]
[Date "2021.11.09"]
[WhiteClock "0:01:16"]
[BlackClock "0:00:03"]

1. d4 g6 2. e4 Bg7 3. Nc3 d6 4. Nf3 a6 5. a4 b6 6. Bc4 e6 7. O-O Ne7 8. Re1 Nd7 9. Bf4 h6 10. Qd2 Bb7 11. h4 Nf6 12. Rad1 Nxe4 13. Nxe4 Bxe4 14. Rxe4 d5 15. Bxd5 Nxd5 16. Be5 O-O 17. c4 Nf6 18. Ree1 Qd7 19. Qc3 Nh5 20. d5 exd5 21. Bxg7 Nxg7 22. Ne5 Qxa4 23. Rxd5 Rad8 24. b3 Qa3 25. Nd7 Rxd7 26. Rxd7 Qc5 27. Qf6 Nh5 28. Qf3 Qa3 29. g3 Qb2 30. Ree7 Nf6 31. Rxc7 Rd8 32. Rxf7 Qb1+ 33. Kg2 Rd1 34. Rf8+ 1-0


[Site "https://www.chess.com"]

[Event "Titled Tuesday Blitz November 9 2021"]
[White "Mammadov, Zaur"]
[Black "Le Goff, Ronan"]
[WhiteFideId "13401033"]
[BlackFideId "612073"]
[WhiteElo "2417"]
[BlackElo "2276"]
[Result "1-0"]
[Round "06"]
[TimeControl "180+1"]
[Date "2021.11.09"]
[WhiteClock "0:00:25"]
[BlackClock "0:00:16"]

1. e4 e5 2. Nf3 Nc6 3. Nc3 Nf6 4. Be2 d5 5. exd5 Nxd5 6. O-O Nxc3 7. bxc3 Be7 8. Bb5 e4 9. Nd4 Bd7 10. Bxc6 bxc6 11. Re1 f5 12. d3 c5 13. Nb3 c4 14. Nd4 c5 15. Ne2 cxd3 16. cxd3 O-O 17. dxe4 fxe4 18. Ng3 Bc6 19. Qg4 Bf6 20. Qe6+ Kh8 21. Qxc6 Bxc3 22. Be3 Bxa1 23. Rxa1 Rc8 24. Qxe4 c4 25. Bd4 c3 26. Nh5 Rf7 27. Rc1 Qg5 28. Re1 c2 29. Qxc2 Rd8 30. Qe4 h6 31. Nxg7 Rxg7 32. Bxg7+ Qxg7 33. g3 Rd2 34. a4 Qf6 35. Qe8+ Kg7 36. Re7+ Qxe7 37. Qxe7+ Kg6 38. Qe6+ Kg7 39. Qe7+ Kg6 40. Qxa7 Rd6 41. Qc7 Re6 42. a5 h5 43. Qc2+ Kg5 44. Qc5+ Kg4 45. Kg2 h4 46. h3# 1-0


[Site "https://www.chess.com"]

[Event "Titled Tuesday Blitz November 9 2021"]
[White "Martinez Alcantara, Jose Eduardo"]
[Black "Preotu, Razvan"]
[WhiteFideId "3805662"]
[BlackFideId "2613280"]
[WhiteElo "2690"]
[BlackElo "2407"]
[Result "1/2-1/2"]
[Round "06"]
[TimeControl "180+1"]
[Date "2021.11.09"]
[WhiteClock "0:00:15"]
[BlackClock "0:00:04"]

1. e4 c5 2. Nf3 d6 3. d4 cxd4 4. Nxd4 Nf6 5. Nc3 a6 6. h3 e5 7. Nb3 Be7 8. Be3 h6 9. a4 Be6 10. g4 Nc6 11. Bg2 Nb4 12. Nd5 Nbxd5 13. exd5 Bd7 14. Qd2 Rc8 15. Na5 Qc7 16. c4 Bd8 17. b4 Qb8 18. c5 dxc5 19. bxc5 e4 20. Nc4 O-O 21. Nd6 Rc7 22. O-O Be7 23. Bf4 Rxc5 24. Nf5 Qe8 25. Nxe7+ Qxe7 26. d6 Qe6 27. Rfe1 Rfc8 28. Qb2 Bc6 29. a5 Rb5 30. Qd4 Rd5 31. Qb2 Rd3 32. Rac1 Re8 33. Qb1 Qd7 34. Rcd1 Rxd1 35. Rxd1 Nd5 36. Bg3 Nc3 37. Qc1 Nxd1 38. Qxd1 e3 39. f3 e2 40. Qd2 Bb5 41. Qe1 Qc6 42. Kh2 Qc2 43. f4 Qd3 44. Bxb7 Qxd6 45. f5 Qd1 46. Bg2 Qxe1 47. Bxe1 Rd8 48. Kg1 Rd1 49. Kf2 g6 50. Be4 Rc1 51. fxg6 fxg6 52. Bxg6 Kg7 53. Bf5 Kf6 54. Be4 Ke5 55. Bg6 Kd4 56. h4 Ke5 57. Bf5 Kf6 58. Be4 Rc4 59. Ke3 Rc1 60. Kf2 Kg7 61. Bf5 Bc4 62. Be4 Bb5 63. Bf3 Kf7 64. Be4 Kg7 1/2-1/2


[Site "https://www.chess.com"]

[Event "Titled Tuesday Blitz November 9 2021"]
[White "Moroni, Luca Jr"]
[Black "Petrovskyi, Vadym"]
[WhiteFideId "865834"]
[BlackFideId "14165210"]
[WhiteElo "2491"]
[BlackElo "2377"]
[Result "1-0"]
[Round "06"]
[TimeControl "180+1"]
[Date "2021.11.09"]
[WhiteClock "0:00:40"]
[BlackClock "0:00:08"]

1. d4 Nf6 2. c4 g6 3. Nc3 Bg7 4. e4 d6 5. Bd3 O-O 6. Nge2 e5 7. d5 a5 8. O-O Na6 9. a3 Nc5 10. Bc2 c6 11. Be3 cxd5 12. cxd5 Bd7 13. f3 Ne8 14. b4 axb4 15. axb4 Rxa1 16. Qxa1 Na6 17. Rb1 f5 18. Ba4 Nf6 19. h3 Nh5 20. Bxd7 Qxd7 21. Qa4 Qe7 22. b5 Nc5 23. Bxc5 dxc5 24. Qc4 Kh8 25. b6 Bh6 26. Kh1 Nf4 27. Nxf4 Bxf4 28. Rd1 Rd8 29. d6 Rxd6 30. Rxd6 Qxd6 31. Qf7 Bg5 32. Nd5 fxe4 33. fxe4 c4 34. Qxb7 Qa3 35. Qb8+ Kg7 36. Qa7+ 1-0


[Site "https://www.chess.com"]

[Event "Titled Tuesday Blitz November 9 2021"]
[White "Moskalenko, Alexander"]
[Black "Lewtak, Damian"]
[WhiteFideId "4155351"]
[BlackFideId "1141724"]
[WhiteElo "2515"]
[BlackElo "2203"]
[Result "1-0"]
[Round "06"]
[TimeControl "180+1"]
[Date "2021.11.09"]
[WhiteClock "0:00:13"]
[BlackClock "0:00:04"]

1. d4 d6 2. e4 e5 3. Nf3 Nd7 4. Bc4 Be7 5. Nc3 Ngf6 6. a4 O-O 7. O-O Nb6 8. Bb3 Bg4 9. dxe5 Bxf3 10. Qxf3 dxe5 11. Rd1 Qc8 12. Qg3 Qg4 13. Qxg4 Nxg4 14. a5 Nc8 15. Rd7 Bc5 16. Rxc7 Bxf2+ 17. Kf1 Bd4 18. h3 Ne3+ 19. Bxe3 Bxe3 20. Rd1 Bd4 21. Nb5 Bxb2 22. Rxb7 a6 23. Ke2 axb5 24. Rxf7 Nd6 25. Rxf8+ Kxf8 26. Rxd6 Rxa5 27. Rd7 Bd4 28. Rf7+ Ke8 29. Rxg7 Ra7 30. Rg8+ Ke7 31. Kf3 Kf6 32. g3 Ra1 33. Kg4 Rg1 34. h4 Bc3 35. Rf8+ Kg7 36. Rf7+ Kh6 37. Rf3 Be1 38. Be6 b4 39. Bf5 Kg7 40. Kh3 Bc3 41. g4 Rd1 42. Be6 Rd6 43. Bb3 Rf6 44. Rd3 Rf1 45. g5 Rh1+ 46. Kg4 Be1 47. Rd7+ Kh8 48. Rd8+ 1-0


[Site "https://www.chess.com"]

[Event "Titled Tuesday Blitz November 9 2021"]
[White "Murzin, Volodar"]
[Black "Makhnev, Denis"]
[WhiteFideId "44155573"]
[BlackFideId "13707647"]
[WhiteElo "2481"]
[BlackElo "2537"]
[Result "0-1"]
[Round "06"]
[TimeControl "180+1"]
[Date "2021.11.09"]
[WhiteClock "0:00:02"]
[BlackClock "0:00:05"]

1. e4 c5 2. Nf3 d6 3. Bb5+ Nd7 4. O-O Nf6 5. Re1 a6 6. Bf1 b5 7. c4 bxc4 8. Bxc4 e6 9. Nc3 Be7 10. d4 cxd4 11. Nxd4 Ne5 12. Bb3 O-O 13. f4 Ng6 14. f5 exf5 15. Nxf5 Bxf5 16. exf5 Ne5 17. Be3 Qd7 18. Qc2 Rfc8 19. Rad1 Bd8 20. Kh1 Qc6 21. Bd4 Bb6 22. Bxf7+ Nxf7 23. Bxf6 gxf6 24. Qb3 Re8 25. Nd5 Bd8 26. Re6 Kh8 27. Rde1 Ne5 28. Nb4 Qd7 29. Rd1 Ba5 30. Rxe8+ Rxe8 31. Nd5 Qf7 32. Qa3 Nc4 33. Qa4 Nxb2 34. Qxa5 Nxd1 35. h3 Nf2+ 36. Kh2 Ne4 0-1


[Site "https://www.chess.com"]

[Event "Titled Tuesday Blitz November 9 2021"]
[White "Ozen, Deniz"]
[Black "Erdogdu, Mert"]
[WhiteFideId "6349196"]
[BlackFideId "6301495"]
[WhiteElo "2326"]
[BlackElo "2485"]
[Result "1/2-1/2"]
[Round "06"]
[TimeControl "180+1"]
[Date "2021.11.09"]
[WhiteClock "0:00:25"]
[BlackClock "0:00:11"]

1. d4 d5 2. Nf3 e6 3. Bf4 Bd6 4. Bg3 Nf6 5. Nbd2 c5 6. e3 Qc7 7. c3 Nbd7 8. Bd3 O-O 9. e4 dxe4 10. Nxe4 Nxe4 11. Bxe4 Nf6 12. Bc2 Rd8 13. Qe2 b5 14. dxc5 Qxc5 15. Bxd6 Rxd6 16. O-O Bb7 17. Rad1 Rad8 18. Rxd6 Rxd6 19. Rd1 Rxd1+ 20. Qxd1 g6 21. Qd4 Qxd4 22. Nxd4 a6 23. a4 bxa4 24. Bxa4 Kf8 25. f4 Nd5 26. g3 Ke7 27. Kf2 Kd6 28. Bc2 f6 29. Ne2 e5 30. fxe5+ Kxe5 31. Bb3 a5 32. Nd4 g5 33. Nf3+ Kd6 34. Nd4 Ke5 35. Bc2 h6 36. Nf5 h5 37. Ng7 h4 38. gxh4 gxh4 39. Nf5 h3 40. Kg3 Bc8 41. Nd4 Ne3 42. Bd3 Bd7 43. Nc2 Nd1 44. b4 axb4 45. cxb4 Nc3 46. Bf1 Ne4+ 47. Kh4 Ng5 48. b5 Kd5 49. Be2 Kc5 50. Ne3 Bxb5 51. Bxb5 Kxb5 52. Nd5 Nf3+ 53. Kxh3 Nxh2 54. Nxf6 1/2-1/2


[Site "https://www.chess.com"]

[Event "Titled Tuesday Blitz November 9 2021"]
[White "Palchuk, Andrii"]
[Black "Babazada, Khazar"]
[WhiteFideId "14176688"]
[BlackFideId "13413554"]
[WhiteElo "2326"]
[BlackElo "2302"]
[Result "0-1"]
[Round "06"]
[TimeControl "180+1"]
[Date "2021.11.09"]
[WhiteClock "0:00:01"]
[BlackClock "0:00:14"]

1. e4 Nf6 2. e5 Nd5 3. d4 Nb6 4. c4 d6 5. exd6 cxd6 6. Bd3 g6 7. Ne2 Bg7 8. Nbc3 O-O 9. Be3 Nc6 10. b3 d5 11. c5 Nd7 12. O-O e5 13. Bb5 a6 14. Ba4 Qh4 15. g3 Qh3 16. Nxd5 exd4 17. Nxd4 Nde5 18. Nf4 Qg4 19. f3 Qg5 20. Nxc6 bxc6 21. Qe2 Re8 22. Rad1 Qe7 23. Rfe1 a5 24. Qf2 Ba6 25. Kg2 Qc7 26. Bd4 h5 27. Qb2 h4 28. Re4 Re7 29. Rde1 Rae8 30. Qc2 g5 31. Bxe5 Rxe5 32. Nd3 Rxe4 33. fxe4 Qd7 34. Nf2 f5 35. Rd1 Qc7 36. exf5 Re2 37. Rd2 Re1 38. Rd1 Bf1+ 39. Kf3 Be2+ 40. Qxe2 Rxe2 41. Kxe2 Qe5+ 42. Kf1 Qxc5 43. g4 Bd4 44. Ne4 Qe5 45. Bxc6 Qf4+ 46. Ke2 Qe3+ 47. Kf1 Qf3+ 48. Ke1 Bc3+ 49. Nxc3 Qxc3+ 50. Ke2 Qxc6 51. Ke3 Kf7 52. Rd4 Qc2 53. Ra4 Qxh2 54. Kd4 Qf4+ 55. Kd5 Qf3+ 56. Ke5 h3 0-1


[Site "https://www.chess.com"]

[Event "Titled Tuesday Blitz November 9 2021"]
[White "Perez Gormaz, Matias"]
[Black "Andreikin, Dmitry"]
[WhiteFideId "3406342"]
[BlackFideId "4158814"]
[WhiteElo "2352"]
[BlackElo "2736"]
[Result "0-1"]
[Round "06"]
[TimeControl "180+1"]
[Date "2021.11.09"]
[WhiteClock "0:00:32"]
[BlackClock "0:01:20"]

1. e4 g6 2. d4 Bg7 3. Nf3 c6 4. Bd3 d5 5. Nbd2 Nf6 6. e5 Nh5 7. Nb3 a5 8. a4 Na6 9. c3 Nc7 10. h3 Ne6 11. O-O Nef4 12. Bc2 O-O 13. Re1 b6 14. Be3 f6 15. Qd2 fxe5 16. Nxe5 Bxh3 17. gxh3 Qc8 18. Bxf4 Nxf4 19. Re3 Bxe5 20. dxe5 Nxh3+ 21. Rxh3 Qxh3 22. Qe3 Rf3 23. Qg5 Raf8 24. Rf1 R8f4 0-1


[Site "https://www.chess.com"]

[Event "Titled Tuesday Blitz November 9 2021"]
[White "Siva Mahadevan"]
[Black "Obregon, Andres Carlos"]
[WhiteFideId "25043153"]
[BlackFideId "111724"]
[WhiteElo "2203"]
[BlackElo "2572"]
[Result "1-0"]
[Round "06"]
[TimeControl "180+1"]
[Date "2021.11.09"]
[WhiteClock "0:00:55"]
[BlackClock "0:00:27"]

1. e4 c5 2. Nf3 e6 3. d4 cxd4 4. Nxd4 Nc6 5. Nc3 Nf6 6. Ndb5 d6 7. Bf4 e5 8. Bg5 a6 9. Na3 b5 10. Nd5 Qa5+ 11. Bd2 Qd8 12. Bg5 Qa5+ 13. Bd2 Qd8 14. c4 Nxe4 15. cxb5 Be6 16. Bc4 Ne7 17. O-O Rc8 18. Nxe7 Bxe7 19. Bxe6 fxe6 20. Be3 d5 21. bxa6 O-O 22. Qg4 Qd6 23. a7 Nf6 24. Qa4 e4 25. Nb5 Qd7 26. Rac1 Ng4 27. Rxc8 Qxc8 28. Rc1 Qd8 29. Nc7 Bd6 30. a8=Q Bxh2+ 31. Kh1 1-0


[Site "https://www.chess.com"]

[Event "Titled Tuesday Blitz November 9 2021"]
[White "Sjugirov, Sanan"]
[Black "Macovei, Andrei"]
[WhiteFideId "4189302"]
[BlackFideId "13904680"]
[WhiteElo "2653"]
[BlackElo "2389"]
[Result "1-0"]
[Round "06"]
[TimeControl "180+1"]
[Date "2021.11.09"]
[WhiteClock "0:01:23"]
[BlackClock "0:00:05"]

1. e4 e5 2. Nc3 Nc6 3. Nf3 Nf6 4. Bb5 Bb4 5. Bxc6 bxc6 6. d3 d6 7. O-O Bxc3 8. bxc3 O-O 9. Bg5 h6 10. Bh4 Bg4 11. Re1 Qe7 12. d4 Rfe8 13. Qd3 g5 14. Bg3 exd4 15. Nxd4 c5 16. Nc6 Qd7 17. Na5 Qa4 18. Nc4 Be6 19. Nd2 Rad8 20. h4 Kg7 21. hxg5 hxg5 22. Qe3 Nh7 23. e5 Qxc2 24. Ne4 Kg6 25. Rad1 Bf5 26. f3 dxe5 27. Rxd8 Rxd8 28. Nxc5 f6 29. Bf2 Qxa2 30. Ne4 Qc4 31. Ng3 Rd3 32. Qxa7 Rxc3 33. Qa8 Be6 34. Qa1 Rc2 35. Nf1 Nf8 36. Ne3 Qc3 37. Qb1 Bf5 38. Nxf5 Kxf5 39. Rc1 Qd3 40. Qxc2 Qxc2 41. Rxc2 Ne6 42. Be3 g4 43. Kf2 gxf3 44. gxf3 e4 45. f4 Kg4 46. Rc6 Kf5 47. Ke2 Nxf4+ 48. Bxf4 Kxf4 49. Rxf6+ Ke5 50. Rc6 Kd5 51. Rxc7 Kd4 52. Rc1 e3 53. Ra1 1-0


[Site "https://www.chess.com"]

[Event "Titled Tuesday Blitz November 9 2021"]
[White "Svane, Frederik"]
[Black "Tanenbaum, Zachary"]
[WhiteFideId "12923044"]
[BlackFideId "2060850"]
[WhiteElo "2459"]
[BlackElo "2168"]
[Result "1-0"]
[Round "06"]
[TimeControl "180+1"]
[Date "2021.11.09"]
[WhiteClock "0:01:58"]
[BlackClock "0:00:14"]

1. e4 e5 2. Nf3 Nc6 3. Bb5 a6 4. Ba4 d6 5. O-O Nf6 6. d3 b5 7. Bb3 Na5 8. Nc3 Be7 9. h3 O-O 10. Be3 Bb7 11. Re1 Nd7 12. Nd5 Nxb3 13. axb3 f5 14. c4 f4 15. Bd2 c5 16. Ba5 Qe8 17. Nc7 Qf7 18. Nxa8 Bxa8 19. cxb5 axb5 20. b4 g5 21. bxc5 Nxc5 22. Bb4 Qf6 23. d4 Nxe4 24. dxe5 dxe5 25. Bxe7 Qxe7 26. Rxa8 Rxa8 27. Qd5+ 1-0


[Site "https://www.chess.com"]

[Event "Titled Tuesday Blitz November 9 2021"]
[White "Svane, Rasmus"]
[Black "Halvax, Georg"]
[WhiteFideId "4657101"]
[BlackFideId "1619543"]
[WhiteElo "2643"]
[BlackElo "2403"]
[Result "1-0"]
[Round "06"]
[TimeControl "180+1"]
[Date "2021.11.09"]
[WhiteClock "0:02:02"]
[BlackClock "0:01:57"]

1. Nf3 d5 2. g3 Bg4 3. Bg2 e6 4. h3 Bh5 5. d4 Nf6 6. c4 c6 7. O-O Bd6 8. Qb3 Qc8 9. Nc3 O-O 10. Ne5 Bxe5 11. dxe5 Nfd7 12. f4 Bg6 13. Be3 Na6 14. cxd5 cxd5 15. Rac1 Nac5 16. Qa3 b6 17. b4 Nb7 18. Nxd5 Qd8 19. Nc7 a5 20. Nxa8 1-0


[Site "https://www.chess.com"]

[Event "Titled Tuesday Blitz November 9 2021"]
[White "Tari, Aryan"]
[Black "Nakamura, Hikaru"]
[WhiteFideId "1510045"]
[BlackFideId "2016192"]
[WhiteElo "2656"]
[BlackElo "2884"]
[Result "0-1"]
[Round "06"]
[TimeControl "180+1"]
[Date "2021.11.09"]
[WhiteClock "0:00:24"]
[BlackClock "0:00:49"]

1. e4 g6 2. d4 Bg7 3. Nf3 d6 4. c3 Nd7 5. Bd3 e5 6. O-O Ngf6 7. Re1 O-O 8. Nbd2 b6 9. Nf1 Bb7 10. a4 Re8 11. Ng3 a6 12. h3 exd4 13. cxd4 c5 14. d5 Rc8 15. Bf4 c4 16. Bf1 Nc5 17. Qc2 b5 18. axb5 axb5 19. Rad1 Qb6 20. Be3 Qd8 21. Bd4 Nb3 22. Bc3 Qb6 23. Bb4 Nd7 24. Ne2 Ndc5 25. Nf4 Na4 26. Rb1 Re7 27. h4 Rce8 28. h5 Nac5 29. Bxc5 Qxc5 30. Re3 Bh6 31. g3 Bxf4 32. gxf4 Bxd5 33. exd5 Rxe3 34. fxe3 Rxe3 35. Qf2 Rxf3 0-1


[Site "https://www.chess.com"]

[Event "Titled Tuesday Blitz November 9 2021"]
[White "Tillyaev, Ulugbek"]
[Black "Nagy, Gabor"]
[WhiteFideId "14202441"]
[BlackFideId "737119"]
[WhiteElo "2341"]
[BlackElo "2534"]
[Result "1-0"]
[Round "06"]
[TimeControl "180+1"]
[Date "2021.11.09"]
[WhiteClock "0:00:27"]
[BlackClock "0:00:57"]

1. d4 Nf6 2. c4 g6 3. Nc3 Bg7 4. Nf3 O-O 5. g3 d6 6. Bg2 Nbd7 7. O-O e5 8. e4 c6 9. h3 Qa5 10. Re1 exd4 11. Nxd4 Ne5 12. Nb3 Qc7 13. c5 dxc5 14. Nxc5 b6 15. Nb3 Ba6 16. Bf4 Rad8 17. Qc2 Nh5 18. Nd5 Rxd5 19. exd5 Nxf4 20. gxf4 Nd3 21. dxc6 Nxe1 22. Rxe1 Qxf4 23. Re4 Qd6 24. Ra4 Bb5 25. Rxa7 Re8 26. Nd2 Re1+ 27. Nf1 Be5 28. c7 Bxf1 29. c8=Q+ Kg7 30. Bxf1 Qf6 31. Qg4 h5 32. Qg2 Bd4 33. Rd7 Bc5 34. Rd1 Re5 35. Qc3 b5 36. Qgg3 Rg5 37. Qxf6+ Kxf6 38. Qxg5+ Kxg5 39. Rd5+ Kh4 40. Rxc5 f5 41. Rxb5 f4 42. Rb4 g5 43. Rxf4+ gxf4 44. a4 f3 45. a5 Kg5 46. a6 Kh4 47. a7 Kg5 48. a8=Q Kh4 49. Qd8# 1-0


[Site "https://www.chess.com"]

[Event "Titled Tuesday Blitz November 9 2021"]
[White "Urazayev, Arystanbek"]
[Black "Maly, Alexey"]
[WhiteFideId "13709810"]
[BlackFideId "14103184"]
[WhiteElo "2321"]
[BlackElo "2294"]
[Result "0-1"]
[Round "06"]
[TimeControl "180+1"]
[Date "2021.11.09"]
[WhiteClock "0:00:34"]
[BlackClock "0:00:43"]

1. e4 c6 2. d4 d5 3. Nd2 dxe4 4. Nxe4 Bf5 5. Ng3 Bg6 6. h4 h6 7. N1e2 e6 8. Nf4 Bh7 9. Bc4 Nf6 10. Qe2 Nd5 11. Ngh5 Nd7 12. c3 N7b6 13. Bb3 Qe7 14. a4 a5 15. g3 Nxf4 16. Nxf4 Nd5 17. Nh5 O-O-O 18. O-O g5 19. Bxd5 Rxd5 20. Be3 gxh4 21. c4 Rd8 22. Qd2 hxg3 23. Nxg3 Rg8 24. Qxa5 Qh4 25. Qa8+ Kc7 26. Qa5+ Kb8 27. Bf4+ Bd6 28. Bxd6+ Rxd6 29. Qe5 Qxd4 30. Qxd4 Rxd4 31. Rfd1 Rxc4 32. Rd7 Bg6 33. Kf1 h5 34. Ra3 h4 35. Rb3 Rxa4 36. Rbxb7+ Ka8 37. Ne2 Ra1+ 38. Kg2 Be4+ 0-1


[Site "https://www.chess.com"]

[Event "Titled Tuesday Blitz November 9 2021"]
[White "Vasquez Schroeder, Rodrigo"]
[Black "Shyaamnikhil P"]
[WhiteFideId "3400042"]
[BlackFideId "5024218"]
[WhiteElo "2568"]
[BlackElo "2300"]
[Result "1-0"]
[Round "06"]
[TimeControl "180+1"]
[Date "2021.11.09"]
[WhiteClock "0:00:09"]
[BlackClock "0:00:03"]

1. d4 Nf6 2. c4 c5 3. d5 b5 4. cxb5 a6 5. b6 d6 6. Nc3 Nbd7 7. e4 g6 8. Nf3 Bg7 9. a4 a5 10. Bb5 O-O 11. O-O Nxb6 12. h3 Ne8 13. Bf4 Bb7 14. Re1 Nc7 15. Bf1 h6 16. Qd2 g5 17. Bg3 f5 18. exf5 Rxf5 19. Bd3 Rxf3 20. gxf3 Qd7 21. Qc2 Rf8 22. Be4 Nc4 23. Kg2 Bc8 24. Rh1 Ne5 25. Rae1 Na6 26. h4 Nb4 27. Qe2 Ba6 28. Nb5 g4 29. Bxe5 gxf3+ 30. Bxf3 Bxe5 31. Bg4 Qe8 32. Be6+ Kh8 33. Kh3 Bc8 34. Nc7 Qg6 35. Rhg1 Bxe6+ 36. Nxe6 Qf5+ 37. Qg4 Qxg4+ 38. Kxg4 Rxf2 39. Ref1 Rxf1 40. Rxf1 Bf6 41. Nf4 Kg7 42. b3 Nc2 43. Rf3 Nd4 44. Re3 Be5 45. Nd3 Kf6 46. Nb2 Kg6 47. h5+ Kf6 48. Nc4 Nc2 49. Rf3+ Kg7 50. Nxa5 Nd4 51. Rd3 Kf6 52. Nc4 e6 53. dxe6 Kxe6 54. Re3 Kd5 55. Nxe5 dxe5 56. a5 Nc6 57. a6 Kd4 58. Kf3 c4 59. Re4+ 1-0


[Site "https://www.chess.com"]

[Event "Titled Tuesday Blitz November 9 2021"]
[White "Visakh N R"]
[Black "Bologan, Victor"]
[WhiteFideId "25012223"]
[BlackFideId "13900048"]
[WhiteElo "2454"]
[BlackElo "2472"]
[Result "1-0"]
[Round "06"]
[TimeControl "180+1"]
[Date "2021.11.09"]
[WhiteClock "0:01:28"]
[BlackClock "0:00:13"]

1. c4 e5 2. Nc3 Nf6 3. g3 Bb4 4. Qb3 Nc6 5. Bg2 Bxc3 6. Qxc3 d5 7. d3 O-O 8. Bg5 d4 9. Qa3 h6 10. Bxf6 Qxf6 11. Nf3 Bf5 12. O-O e4 13. Nh4 exd3 14. exd3 Bh7 15. Rfe1 Ne5 16. Be4 g5 17. Ng2 Nf3+ 18. Bxf3 Qxf3 19. Re7 Qxd3 20. Qxd3 Bxd3 21. Rxc7 Be4 22. Ne1 Rfe8 23. Rd1 Rad8 24. f3 Bc6 25. Kf2 a5 26. Nc2 d3 27. Ne3 Re6 28. Rd2 Red6 29. Nf5 R6d7 30. Ne7+ Kg7 31. Nxc6 bxc6 32. Rxd7 Rxd7 33. Ke3 Kf6 34. Rxd3 Re7+ 35. Kd2 Re5 36. Rd6+ 1-0


[Site "https://www.chess.com"]

[Event "Titled Tuesday Blitz November 9 2021"]
[White "Wagner, Dennis"]
[Black "Xiong, Jeffery"]
[WhiteFideId "24650684"]
[BlackFideId "2047640"]
[WhiteElo "2355"]
[BlackElo "2699"]
[Result "0-1"]
[Round "06"]
[TimeControl "180+1"]
[Date "2021.11.09"]
[WhiteClock "0:00:03"]
[BlackClock "0:00:47"]

1. e4 c6 2. d4 d5 3. e5 Bf5 4. Nf3 e6 5. Be2 Ne7 6. c3 h6 7. O-O Nd7 8. a4 Bh7 9. a5 Ng6 10. Ne1 Be7 11. f4 c5 12. Nd3 Nh4 13. Nd2 Rc8 14. Qe1 O-O 15. Kh1 cxd4 16. cxd4 Rc2 17. Nf3 Be4 18. Qd1 Qc7 19. Nf2 Bxf3 20. Bxf3 Rc8 21. Be2 Nf5 22. g4 Nh4 23. Bd3 Rc6 24. Be3 a6 25. Nh3 b5 26. f5 Qd8 27. Qd2 Rc4 28. f6 gxf6 29. Bxh6 Rxd4 30. Be3 Rxd3 31. Qxd3 Nxe5 32. Qe2 Rc4 33. g5 d4 34. Bf4 Qd5+ 35. Kg1 d3 36. Qf2 Bc5 37. Be3 Bxe3 38. Qxe3 Qg2# 0-1


[Site "https://www.chess.com"]

[Event "Titled Tuesday Blitz November 9 2021"]
[White "Yashmetov, Mikhail"]
[Black "Pichot, Alan"]
[WhiteFideId "24198900"]
[BlackFideId "110973"]
[WhiteElo "2305"]
[BlackElo "2600"]
[Result "1-0"]
[Round "06"]
[TimeControl "180+1"]
[Date "2021.11.09"]
[WhiteClock "0:00:07"]
[BlackClock "0:00:03"]

1. Nf3 d5 2. g3 Nf6 3. Bg2 c5 4. O-O e6 5. d4 cxd4 6. Nxd4 e5 7. Nb3 Be6 8. c4 Nc6 9. cxd5 Nxd5 10. Nc3 Nxc3 11. bxc3 Be7 12. Be3 O-O 13. Nc5 Bxc5 14. Bxc5 Qxd1 15. Rfxd1 Rfd8 16. a4 a6 17. Bb6 Rxd1+ 18. Rxd1 Rc8 19. a5 f6 20. Rd6 Kf7 21. Kf1 Ke7 22. Rd2 f5 23. e4 f4 24. Ke1 g5 25. Bf1 g4 26. Rb2 Kf7 27. Rd2 Ke7 28. Be2 h5 29. Bd1 f3 30. Ba4 h4 31. gxh4 Rh8 32. Bxc6 bxc6 33. Bc7 Rh5 34. Bd8+ Kf7 35. Bg5 Rh8 36. Rb2 Bc4 37. Rb7+ Kg6 38. Rc7 Bd3 39. Rxc6+ Kh5 40. Re6 g3 41. hxg3 Kg4 42. Kd2 Bxe4 43. Rxe5 Bb7 44. Re7 Bc6 45. c4 Rb8 46. Kc3 Rb1 47. Be3 Re1 48. Rg7+ Kh3 49. Kd4 Rd1+ 50. Ke5 Re1 51. Kf4 Kg2 52. h5 Rh1 53. Kg5 Be8 54. Rh7 Ra1 55. h6 Rxa5+ 56. c5 Ra3 57. Re7 Ra1 58. Rxe8 Rh1 59. Kg6 1-0


[Site "https://www.chess.com"]

[Event "Titled Tuesday Blitz November 9 2021"]
[White "Yeletsky, Ivan"]
[Black "Djokic, Mihailo"]
[WhiteFideId "24180327"]
[BlackFideId "976440"]
[WhiteElo "2352"]
[BlackElo "2008"]
[Result "1-0"]
[Round "06"]
[TimeControl "180+1"]
[Date "2021.11.09"]
[WhiteClock "0:00:07"]
[BlackClock "0:00:03"]

1. e4 c5 2. c3 Nf6 3. d3 Nc6 4. f4 d6 5. Nf3 g6 6. g3 Bg7 7. Bg2 O-O 8. O-O Rb8 9. h3 b5 10. Be3 b4 11. Nbd2 bxc3 12. bxc3 Qa5 13. Nb3 Qxc3 14. Rc1 Qb2 15. Rf2 Qa3 16. g4 Bxg4 17. hxg4 Nxg4 18. Qd2 Nb4 19. e5 Nxe3 20. Qxe3 Nxa2 21. Ra1 Rxb3 22. Rfxa2 Qb4 23. Rxa7 dxe5 24. fxe5 c4 25. R1a4 Qc3 26. Rc7 Qxd3 27. Qf4 c3 28. Rac4 h6 29. Kh2 g5 30. Qg4 Qe3 31. Rxe7 Rb2 32. Rec7 Bxe5+ 33. Nxe5 Qxe5+ 34. Qg3 Qxg3+ 35. Kxg3 Rd8 36. Rxc3 Rdd2 37. Be4 Rd4 38. Bf3 Kg7 39. Re7 Rf4 40. Rce3 Rb6 41. Bh5 Rbf6 42. Rf3 Rxf3+ 43. Bxf3 Kg6 44. Rb7 Rf4 45. Be2 f6 46. Bd3+ f5 47. Be2 h5 48. Rb6+ Kg7 49. Bxh5 Rh4 50. Rg6+ Kh7 51. Rxg5 Rh1 52. Rxf5 Kh6 53. Bf3 Rg1+ 54. Kf4 Rf1 55. Rh5+ Kg6 56. Ra5 Rc1 57. Ra6+ Kf7 58. Bd5+ Ke7 59. Ke5 Re1+ 60. Be4 Rg1 61. Ra7+ Kd8 62. Kd6 Rd1+ 63. Bd5 Ke8 64. Ra8# 1-0


[Site "https://www.chess.com"]

[Event "Titled Tuesday Blitz November 9 2021"]
[White "Zubov, Alexander"]
[Black "Kamsky, Gata"]
[WhiteFideId "14109409"]
[BlackFideId "2000024"]
[WhiteElo "2685"]
[BlackElo "2645"]
[Result "0-1"]
[Round "06"]
[TimeControl "180+1"]
[Date "2021.11.09"]
[WhiteClock "0:00:05"]
[BlackClock "0:01:42"]

1. d4 Nf6 2. c4 e6 3. Nc3 Bb4 4. e3 O-O 5. Ne2 d5 6. a3 Bd6 7. Ng3 c6 8. Qc2 Nbd7 9. Bd2 a6 10. c5 Bc7 11. f4 Ng4 12. Bd3 Qh4 13. Ne2 f5 14. h3 Ngf6 15. O-O Ne4 16. Be1 Qh6 17. Nc3 g5 18. Nge2 gxf4 19. Nxf4 Ndf6 20. Nxe4 fxe4 21. Be2 Bd7 22. Bc3 Kh8 23. Kh1 Rg8 24. Rf2 Rg3 25. Qd2 Rag8 26. Bf1 Ng4 27. Re2 Nxe3 28. Rxe3 Bxf4 0-1


[Site "https://www.chess.com"]

[Event "Titled Tuesday Blitz November 9 2021"]
[White "Aloma Vidal, Robert"]
[Black "Llorente Zaro, Alfonso"]
[WhiteFideId "2260409"]
[BlackFideId "2254131"]
[WhiteElo "2435"]
[BlackElo "2480"]
[Result "0-1"]
[Round "07"]
[TimeControl "180+1"]
[Date "2021.11.09"]
[WhiteClock "0:00:09"]
[BlackClock "0:00:12"]

1. e4 Nf6 2. e5 Ng8 3. d4 d5 4. c4 e6 5. Nc3 Ne7 6. Nf3 b6 7. Be2 Bb7 8. O-O Qd7 9. c5 bxc5 10. dxc5 Ba6 11. b4 Bxe2 12. Nxe2 a5 13. b5 Qxb5 14. Ned4 Qd7 15. Rb1 Nec6 16. Rb7 Bxc5 17. Nb5 O-O 18. Rxc7 Qe8 19. Qc2 Na6 20. Ng5 g6 21. Qc3 Nxc7 22. Nxc7 Qe7 23. Qh3 h5 24. Nxa8 Rxa8 25. g4 Nd4 26. Re1 Rb8 27. gxh5 Rb1 28. hxg6 fxg6 29. Qg2 Rxc1 30. Rxc1 Ne2+ 31. Kf1 Nxc1 32. Nf3 Qe8 33. Qg4 Nd3 34. Ng5 Nxe5 35. Qh3 Qe7 36. Nxe6 Bd6 37. f4 Nc4 38. Qg2 Qxe6 0-1


[Site "https://www.chess.com"]